 Dungeon Crawl Stone Soup version 0.29-a0-468-ge57f7f99b4 (webtiles) character file.

Game seed: 4240803957731701002

291 avis the Cleaver (level 6, -1/51 HPs)
             Began as a Hill Orc Monk on May 21, 2022.
             Slain by Ijyb
             ... wielding a +5 club
              (5 damage)
             ... on level 4 of the Dungeon.
             The game lasted 00:14:38 (3708 turns).

avis the Cleaver (Hill Orc Monk)                    Turns: 3708, Time: 00:14:39

Health: -1/51      AC: 10    Str: 16    XL:     6   Next: 32%
Magic:  6/6        EV:  7    Int: 10    God:
Gold:   219        SH:  0    Dex: 13    Spells: 5/5 levels left

rFire   . . .      SeeInvis .   a - +0 war axe
rCold   . . .      Faith    .   (no shield)
rNeg    . . .      Spirit   .   s - +0 chain mail
rPois   +          Reflect  .   (no helmet)
rElec   .          Harm     .   (no cloak)
rCorr   .          Rampage  .   o - +0 pair of gloves
Will    +....                   h - +0 pair of boots
Stlth   ..........              k - amulet of regeneration
HPRegen 0.97/turn               l - ring of poison resistance
MPRegen 0.10/turn               D - ring of willpower

@: hasted, very quick
A: no striking features
a: no special abilities


You were on level 4 of the Dungeon.
You visited 1 branch of the dungeon, and saw 4 of its levels.

You collected 219 gold pieces.

Inventory:

Hand Weapons
 a - a +0 war axe (weapon)
 b - a +0 dagger of electrocution
 c - a +0 hand axe
 f - a +0 flail
 n - a +0 hunting sling
 x - a +1 short sword of venom
 y - a +0 trident
 A - a +0 spear
 B - a +0 spear
Missiles
 d - 146 stones (quivered)
 j - 3 atropa-tipped darts
 z - 2 boomerangs
 E - 5 poisoned darts
Armour
 h - a +0 pair of boots (worn)
 o - a +0 pair of gloves (worn)
 s - a +0 chain mail (worn)
Jewellery
 k - an amulet of regeneration (around neck)
 l - a ring of poison resistance (left hand)
 C - an amulet of faith
 D - a ring of willpower (right hand)
Scrolls
 g - 7 scrolls of identify {unknown}
 i - 2 scrolls of enchant weapon {unknown}
 q - 4 scrolls of teleportation {unknown}
 r - a scroll of blinking {unknown}
 t - a scroll of brand weapon {unknown}
 u - a scroll of summoning {unknown}
Potions
 e - a potion of curing {unknown}
 m - 3 potions of haste
 p - a potion of heal wounds {unknown}
 v - 2 potions of attraction {unknown}
 w - a potion of flight {unknown}


   Skills:
 - Level 3.6 Fighting
 * Level 9.1 Axes
 - Level 2.4 Dodging
 - Level 1.5 Stealth


You had 5 spell levels left.
You didn't know any spells.
Your spell library contained the following spells:

 Spells                   Type           Power      Damage    Failure   Level
 Summon Small Mammal      Summ           0%         N/A       100%        1
 Call Canine Familiar     Summ           0%         N/A       100%        3
 Summon Guardian Golem    Hex/Summ       0%         N/A       100%        3
 Passage of Golubria      Tloc           0%         N/A       100%        4
 Silence                  Hex/Air        0%         N/A       100%        5
 Lehudib's Crystal Spear  Conj/Erth      0%         10d2      100%        8


Dungeon Overview and Level Annotations

Branches:
Dungeon (4/15)
 Temple: D:4-7

Altars:
Okawaru

Annotations:
D:4 glass case, Ijyb


Message History

The kobold is moderately wounded.
The kobold hits you but does no damage.
You hit the kobold.
You kill the kobold!
You see here a +0 short sword.
A kobold comes into view. It is wielding a +0 whip.
The kobold shouts!
The kobold hits you but does no damage.
You slash the kobold!
You kill the kobold!
d - 146 stones (gained 5)
You see here a +0 whip.
Found a stone staircase leading down.
Found 5 poisoned darts.
Found 17 gold pieces.
Ijyb the Twisted Goblin comes into view.
She is wielding a +5 club and carrying a wand of mindburst (8).
Ijyb shouts!
You see here 5 poisoned darts.
E - 5 poisoned darts Ijyb drinks a potion.
Ijyb goes berserk!
Ijyb hits you with a +5 club! Ijyb hits you but does no damage.
You slash Ijyb!
Ijyb is moderately wounded.
Ijyb hits you with a +5 club.
You hit Ijyb.
Ijyb is moderately wounded.
Ijyb hits you with a +5 club. Ijyb hits you with a +5 club!
You hit Ijyb but do no damage.
Ijyb is moderately wounded.
Ijyb hits you with a +5 club.
You hit Ijyb.
Ijyb is heavily wounded.
Ijyb hits you with a +5 club!
* * * LOW HITPOINT WARNING * * *
Ijyb hits you with a +5 club!
* * * LOW HITPOINT WARNING * * *
Okay, then.
It was a potion of haste.
You feel yourself speed up. Ijyb hits you with a +5 club.
You die...

##....#### #.#
#.......### #.#
.# #.........##
#.#
...##..........#
#.#
#...............
###..........>..
####..........
#..........
#..@.......
#..g$......
#..........
#..........
##.........
#.........
##.......#
##...####


You could see Ijyb (berserk).

Vanquished Creatures
  A scorpion (D:4)
  Jessica (D:3)
  An iguana (D:4)
  4 gnolls
  5 adders
  An ufetubus (D:4)
  2 dart slugs (D:3)
  5 orcs (D:2)
  4 ball pythons
  10 endoplasms
  2 giant cockroaches
  8 goblins
  7 hobgoblins
  3 jackals (D:1)
  13 kobolds
  3 quokkas
  7 bats
  3 frilled lizards
  7 rats
87 creatures vanquished.

Vanquished Creatures (others)
  2 plants (D:2)
2 creatures vanquished.

Grand Total: 89 creatures vanquished

Notes
Turn   | Place    | Note
-------+----------+-------------------------------------------
     0 | D:1      | avis the Hill Orc Monk began the quest for the Orb.
     0 | D:1      | Reached XP level 1. HP: 19/19 MP: 1/1
   250 | D:1      | Reached XP level 2. HP: 26/26 MP: 2/2
   348 | D:1      | Reached skill level 5 in Axes
   564 | D:1      | Reached XP level 3. HP: 24/31 MP: 3/3
   576 | D:1      | HP: 1/31 [gnoll/+0 flail (3)]
   975 | D:1      | Reached skill level 6 in Axes
  1791 | D:2      | Reached XP level 4. HP: 39/39 MP: 4/4
  2300 | D:2      | Found a faded altar of an unknown god.
  2648 | D:3      | Reached skill level 7 in Axes
  2736 | D:3      | Noticed Jessica
  2747 | D:3      | Killed Jessica
  2748 | D:3      | Reached XP level 5. HP: 44/45 MP: 5/5
  3035 | D:3      | Found an iron altar of Okawaru.
  3223 | D:4      | Reached skill level 8 in Axes
  3238 | D:4      | Reached XP level 6. HP: 41/51 MP: 6/6
  3619 | D:4      | Reached skill level 9 in Axes
  3699 | D:4      | Noticed Ijyb
  3708 | D:4      | Slain by Ijyb

Illustrated notes

Levels and vault maps discovered:
D:1:      dpeg_arrival_chambers_temple_mockup, layout_basic
D:2:      layout_loops_ring, dreamdust_ecumenical_altar_hidden_monk_grotto
D:3:      layout_rooms, okawaru_gym_becter, uniq_jessica
D:4:      layout_cave_pods, due_unseen_surprise, uniq_ijyb

Skill      XL: |  1  2  3  4  5  6 |
---------------+-------------------+-----
Axes           | 5 6 7 8 9 |  9.1
Fighting       | |  3.6
Dodging        | |  2.4
Stealth        | |  1.5

Action                   |  1- 3 |  4- 6 || total
-------------------------+-------+-------++-------
Melee: Hand axe          |    60 |       ||    60
       War axe           |    20 |   169 ||   189
       Punch             |       |     2 ||     2
  Use: Potion            |     1 |     1 ||     2
 Stab: Sleeping          |     3 |       ||     3
Armor: Robe              |    15 |    10 ||    25
       Ring mail         |       |    26 ||    26
       Chain mail        |       |    70 ||    70
Dodge: Dodged            |    57 |    71 ||   128

Table legend: (Time is in decaauts)
 A = Elapsed time spent in this place.
 B = Non-inter-level travel time spent in this place.
 C = Inter-level travel time spent in this place.
 D = Time resting spent in this place.
 E = Time spent auto-exploring this place.
 F = Levels seen in this place.
 G = Mean time per level.
                   A        B        C        D        E       F      G
               +--------+--------+--------+--------+--------+-----+--------+
         Total |   3737 |   3332 |    405 |    712 |   1686 |   4 |  934.2 |
       Dungeon |   3737 |   3332 |    405 |    712 |   1686 |   4 |  934.2 |
               +--------+--------+--------+--------+--------+-----+--------+

Top non-repeatable levels by time:
     D:1: 1755 daAuts
     D:2: 862 daAuts
     D:3: 644 daAuts
     D:4: 474 daAuts
